 Dungeon Crawl Stone Soup version 0.28.0-43-g3370ac3207 (webtiles) character file.

Game seed: 16764776811689624476

13744 Faeu the Blocker (level 11, -9/114 HPs)
             Began as a Minotaur Fighter on Mar 23, 2022.
             Was a High Priest of Makhleb.
             Mangled by Donald
             ... wielding a +0 war axe
              (15 damage)
             ... on level 2 of the Orcish Mines.
             The game lasted 01:55:00 (14631 turns).

Faeu the Blocker (Minotaur Fighter)                Turns: 14631, Time: 01:55:01

Health: -9/114     AC: 24    Str: 34    XL:     11   Next: 79%
Magic:  10/10      EV:  8    Int:  5    God:    Makhleb [*****.]
Gold:   220        SH:  8    Dex: 18    Spells: 10/10 levels left

rFire   + + .      SeeInvis .   r - +10 whip "Xelen" {vamp, Dex+2, mace}
rCold   + . .      Faith    .   c - +0 buckler
rNeg    . . .      Spirit   .   n - +2 plate armour {rC+}
rPois   .          Reflect  .   H - +1 hat
rElec   .          Harm     .   I - +1 cloak
rCorr   .          Rampage  .   s - +0 pair of gloves
Will    .....                   C - +0 pair of boots
Stlth   ..........              (no amulet)
HPRegen 0.29/turn               u - ring of Hufik {rF+ Str+3 Dex+6}
MPRegen 0.12/turn               w - +6 ring of strength

@: mighty, on berserk cooldown, hasted and slowed, invisible
A: horns 2, retaliatory headbutt, fire resistance 1, robust 1
a: Renounce Religion, Minor Destruction, Lesser Servant of Makhleb, Major
Destruction, Greater Servant of Makhleb


You were on level 2 of the Orcish Mines.
You worshipped Makhleb.
Makhleb was extremely pleased with you.
You visited 3 branches of the dungeon, and saw 13 of its levels.

You collected 1433 gold pieces.
You spent 1213 gold pieces at shops.


Innate Abilities, Weirdness & Mutations

You have a pair of horns on your head.
You reflexively headbutt those who attack you in melee.
Your flesh is heat resistant. (rF+)
You are robust. (+10% HP)


   Skills:
 + Level 12.0 Fighting
 * Level 11.8 Long Blades
 + Level 12.0 Armour
 + Level 12.0 Shields


You had 10 spell levels left.
You didn't know any spells.
Your spell library contained the following spells:

 Spells                   Type           Power      Damage    Failure   Level
 Animate Skeleton         Necr           0%         N/A       97%         1
 Magic Dart               Conj           0%         1d3       97%         1
 Pain                     Necr           0%         1d4       97%         1
 Sting                    Tmut/Pois      0%         1d3       97%         1
 Blink                    Tloc           0%         N/A       99%         2
 Call Imp                 Summ           0%         N/A       99%         2
 Poisonous Vapours        Pois/Air       0%         N/A       99%         2
 Static Discharge         Conj/Air       0%         N/A       99%         2
 Dazzling Flash           Conj/Hex       0%         N/A       100%        3
 Mephitic Cloud           Conj/Pois/Air  0%         N/A       100%        3
 Vampiric Draining        Necr           0%         2d6       100%        3
 Dispel Undead            Necr           0%         3d6       100%        4
 Iskenderun's Mystic Bla  Conj/Tloc      0%         2d3       100%        4
 Olgreb's Toxic Radiance  Pois           0%         N/A       100%        4
 Sticky Flame             Conj/Fire      0%         2d3       100%        4
 Agony                    Necr           0%         N/A       100%        5
 Excruciating Wounds      Necr           0%         N/A       100%        5
 Manifold Assault         Tloc           0%         N/A       100%        5
 Starburst                Conj/Fire      0%         6d3       100%        6
 Storm Form               Tmut/Air       0%         N/A       100%        7

Inventory:

Hand Weapons
 b - a +4 dagger {short}
   (You took it off a wight on level 7 of the Dungeon)
 l - a +2 dagger of electrocution {short}
   (You took it off Robin on level 2 of the Dungeon)
 r - the +10 whip "Xelen" (weapon) {vamp, Dex+2, mace}
   (You found it on level 3 of the Dungeon)

   It occasionally heals its wielder for a portion of the damage dealt when it
   wounds a living foe.
   Dex:       It affects your dexterity (+2).
 z - a +2 long sword {long}
   (You took it off a wight on level 7 of the Dungeon)
 O - a +4 great sword {long}
   (You took it off a wight on level 10 of the Dungeon)
Missiles
 a - 11 boomerangs {throwing}
 e - 23 poisoned darts (quivered) {throwing}
 v - a curare-tipped dart {=fthrowing}
Armour
 c - a +0 buckler (worn)
 n - a +2 plate armour of cold resistance (worn)
   (You took it off an orc warrior on level 10 of the Dungeon)
 s - a +0 pair of gloves (worn)
   (You found it on level 4 of the Dungeon)
 C - a +0 pair of boots (worn)
   (You found it on level 8 of the Dungeon)
 H - a +1 hat (worn)
   (You found it on level 7 of the Dungeon)
 I - a +1 cloak (worn)
   (You found it on level 7 of the Dungeon)
Jewellery
 u - the ring of Hufik (left hand) {rF+ Str+3 Dex+6}
   (You found it on level 4 of the Dungeon)

   [ring of dexterity]

   Str:       It affects your strength (+3).
   Dex:       It affects your dexterity (+6).
   rF:        It protects you from fire.
 w - a +6 ring of strength (right hand)
   (You found it on level 6 of the Dungeon)
 x - the ring "Orghih" {rN+ Will+ rCorr Dex+6}
   (You bought it in a shop on level 1 of the Orcish Mines)

   [ring of dexterity]

   Dex:       It affects your dexterity (+6).
   rN:        It protects you from negative energy.
   rCorr:     It protects you from acid and corrosion.
   Will:      It increases your willpower.
 D - a ring of ice
   (You found it on level 5 of the Dungeon)
 E - a ring of protection from fire
   (You found it on level 5 of the Dungeon)
 P - a +6 ring of dexterity
   (You found it on level 10 of the Dungeon)
Wands
 m - a wand of flame (42)
   (You found it on level 2 of the Dungeon)
 t - a wand of iceblast (7)
   (You found it on level 4 of the Dungeon)
 y - a wand of mindburst (10)
   (You found it on level 4 of the Dungeon)
 A - a wand of acid (4)
   (You found it on level 4 of the Dungeon)
 G - a wand of digging (14)
   (You took it off Sigmund on level 5 of the Dungeon)
 L - a wand of polymorph (3)
   (You found it on level 9 of the Dungeon)
Scrolls
 f - a scroll of fog
 j - 2 scrolls of teleportation {@r4}
 q - 2 scrolls of noise {!r}
 B - 5 scrolls of immolation {!r!r}
Potions
 d - 2 potions of might
 h - 4 potions of brilliance
 i - 2 potions of attraction {!q}
 k - 2 potions of curing {@q1}
 o - 2 potions of invisibility
 p - 2 potions of mutation {!q}
 M - a potion of lignification {unknown}

Dungeon Overview and Level Annotations

Branches:
Dungeon (10/15)            Temple (1/1) D:6            Lair (0/6) D:10
    Orc (2/2) D:10
    Elf: Orc:2

Altars:
Ashenzari
Cheibriados
Dithmenos
Elyvilon
Gozag
Hepliaklqana
Makhleb
Nemelex Xobeh
Qazlal
Ru
Trog
Uskayaw
Wu Jian
Yredelemnul
Zin
The Shining One
Beogh

Shops:
D:2 [   D:3 !   D:5 *   Orc:1 =

Annotations:
Orc:2 Donald

###.....#.# #........##
#... ##....###
###........########..
#....##
#..........##.#.##...
##..##
#####...........#......
####
#.##...................
###.....................
##.........##..........##
#.........####..........#
##......@.##............#
#.##...@.#.............#
####....................
#.....................
##...........#####....
##.#......#.. ###..
###......### #....
#.#........### #....
##............###....


You could see Donald (fast, strong).


Message History

😕 HP[+1] 😕 HP[+1] 😕 HP[+1] 😕 HP[+1] 😕 HP[+1] 😕 HP[+1]
Aiming: Mindburst
Press: ? - help, Shift-Dir - straight line, f - Donald
Aim: Donald, wielding a +0 war axe, wearing a +1 plate armour of positive energy and wearing a +0 kite shield of reflection (wandering, hasn't noticed you, chance to affect: 6%)
Okay, then.
Aiming: Corrosive Bolt
Press: ? - help, Shift-Dir - straight line
Okay, then.
Aiming: Throw Flame
Press: ? - help, Shift-Dir - straight line, f - Donald
Aim: Donald, wielding a +0 war axe, wearing a +1 plate armour of positive energy and wearing a +0 kite shield of reflection (wandering, hasn't noticed you, 85% to hit)
Okay, then.
Unknown command.
You remove the ring "Orghih" {rN+ Will+ rCorr Dex+6}.
You feel clumsy.
Donald shouts!
You feel stronger.
w - a +6 ring of strength (right hand)
Aiming: Throw Flame
Press: ? - help, Shift-Dir - straight line, f - Donald
Aim: Donald, wielding a +0 war axe, wearing a +1 plate armour of positive energy and wearing a +0 kite shield of reflection (85% to hit)
Donald reflects the puff of flame off his +0 kite shield of reflection!
The puff of flame misses you.
Donald mumbles some strange words.
Donald seems to grow stronger.
Donald says, "I ran into an orc.
He called himself a warlord, and I asked what war?"
Donald gestures wildly while chanting.
Donald seems to speed up. 😕 HP[+1] 😕 HP[+1] Donald says, "The air in here stinks.
I hate that."
Aiming: Mindburst
Press: ? - help, Shift-Dir - straight line, f/p - Donald
Aim: Donald, wielding a +0 war axe, wearing a +1 plate armour of positive energy and wearing a +0 kite shield of reflection (fast, strong, chance to affect: 6%)
Okay, then.
Unknown command.
Aiming: Iceblast
Press: ? - help, Shift-Dir - straight line, p - Donald
Okay, then. 😕 HP[+1] Donald says, "I hate blood."
Hit: r) +10 whip "Xelen" {vamp, Dex+2, mace}
Press: ? - help, Dir - move target, f/p - Donald
Aim: Donald, wielding a +0 war axe, wearing a +1 plate armour of positive energy and wearing a +0 kite shield of reflection (fast, strong, about 17% to evade the +10 whip "Xelen")
Your weapon can't reach that far!
Okay, then. 😕 HP[+1] Donald says, "Have you ever seen an orcish miner?
Me neither."
Hit: r) +10 whip "Xelen" {vamp, Dex+2, mace}
Press: ? - help, Dir - move target, f/p - Donald
Aim: Donald, wielding a +0 war axe, wearing a +1 plate armour of positive energy and wearing a +0 kite shield of reflection (fast, strong, about 17% to evade the +10 whip "Xelen")
Your weapon can't reach that far!
Okay, then.
You feel very mighty all of a sudden.
Donald hits you with a +0 war axe! 😕 HP[-10]
You take 10 damage, and now have 94/114 hp.
You feel yourself speed up.
Donald hits you with a +0 war axe!! 😮 HP[-29]
You take 29 damage, and now have 65/114 hp.
MASSIVE DAMAGE!! (PAUSE)
A red film seems to cover your vision as you go berserk!
You feel yourself moving faster!
You feel mighty! You block Donald's attack. 😮 HP[+32]
You now have 171 max hp (+57).
You regained 32 hp, and now have 97/171 hp.
Donald blocks your attack.
You block Donald's attack. 😮 HP[+1] Donald blocks your attack. x2; Donald hits you with a +0 war axe!
Donald hits you with a +0 war axe!!
* * * LOW HITPOINT WARNING * * *
😨 HP[-37]
You take 37 damage, and now have 61/171 hp.
MASSIVE DAMAGE!! (PAUSE)
You hit Donald but do no damage. Donald blocks your attack.
Donald hits you with a +0 war axe!!
* * * LOW HITPOINT WARNING * * *
😱 HP[-33]
You take 33 damage, and now have 28/171 hp.
You are too berserk!
You are too berserk! 😱 HP[+1]
You feel a strong urge to attack something.
You feel your anger nearly subside.
You are no longer berserk.
You are exhausted.
You feel yourself slow down. 😱 HP[-10]
You now have 114 max hp (-57).
You fade into invisibility!
Donald hits you with a +0 war axe!
* * * LOW HITPOINT WARNING * * *
😱 HP[-13]
You take 13 damage, and now have 6/114 hp.
Donald hits you with a +0 war axe!
You die...

Skill      XL: |  1  2  3  4  5  6  7  8  9 10 11 |
---------------+----------------------------------+-----
Shields        | 4 5 6 7 9 10 12 | 12.0
Fighting       | 4 5 6 7 9 10 12 | 12.0
Armour         | 4 5 6 7 9 10 12 | 12.0
Long Blades    | 3 4 5 6 7 9 10 11 | 11.8

Action                   |  1- 3 |  4- 6 |  7- 9 | 10-12 || total
-------------------------+-------+-------+-------+-------++-------
Melee: Long sword        |   104 |    14 |       |       ||   118
       Headbutt          |    11 |    33 |    43 |   109 ||   196
       Dagger            |       |   146 |       |       ||   146
       Whip              |       |    37 |   244 |   505 ||   786
Throw: Dart              |       |       |     1 |     8 ||     9
       Boomerang         |       |       |       |    70 ||    70
Evoke: Wand              |       |       |       |     5 ||     5
  Use: Scroll            |       |       |    11 |     5 ||    16
       Potion            |       |       |     4 |    12 ||    16
Armor: Scale mail        |    54 |    88 |    40 |       ||   182
       Chain mail        |       |       |    80 |   211 ||   291
       Plate armour      |       |       |       |    58 ||    58
Dodge: Dodged            |    59 |    80 |   115 |   167 ||   421
Block: Buckler           |    26 |    46 |    79 |   202 ||   353

Levels and vault maps discovered:
D:1:      shiori_arrival_whats_in_store_for_you, layout_basic,
          basic_ecumenical_altar
D:2:      layout_basic, serial_shops, nicolae_shop_stone, basic_altar,
          minmay_misc_feat_hallway, uniq_robin
D:3:      layout_basic, serial_shops, nicolae_shop_trees
D:4:      layout_rooms, mainiacjoe_overflow_large_starburst,
          lightli_sewer_entry_pipes, nicolae_ossuary_entry_plus,
          small_statue_intersection, small_statue_intersection, minmay_pentangle
D:5:      layout_gridville, nicolae_shop_gadgets, uniq_eustachio, uniq_sigmund
D:6:      layout_basic, minmay_temple_entry_overgrown, minmay_hedge_maze
D:7:      layout_cave_pools, nicolae_overflow_hidden_temple, serial_undead,
          serial_undead_f, serial_undead_f, serial_undead_a, serial_undead_f,
          serial_undead_e, minmay_joined_circles, uniq_duvessa
D:8:      layout_loops_cross, mainiacjoe_overflow_catwalk, kennysheep_mini,
          mainiacjoe_overflow_catwalk_spiral
D:9:      layout_basic, jmf_multi_god_temple
D:10:     layout_roguey, mainiacjoe_overflow_cross_hatched,
          mainiacjoe_overflow_boulevard, lair_entry_dummy, david_orc_4,
          uniq_psyche
Temple:   jpeg_temple_alley_garden
Orc:1:    layout_diamond_mine, enter_volcano_4, serial_shops, shop, basic_altar,
          uniq_erolcha
Orc:2:    grunt_orc_tribal_feast, layout_diamond_mine, uniq_donald

Notes
Turn   | Place    | Note
-------+----------+-------------------------------------------
     0 | D:1      | Faeu the Minotaur Fighter began the quest for the Orb.
     0 | D:1      | Reached XP level 1. HP: 19/19 MP: 0/0
     0 | D:1      | magus.rc [v1.9.6]
     0 | D:1      | magus.rc [v1.9.6]
     3 | D:1      | Noticed a draconian
    13 | D:1      | Noticed a draconian
    17 | D:1      | Noticed a gargoyle
    19 | D:1      | Noticed a dwarf
    19 | D:1      | Noticed a dwarf
   129 | D:1      | You pick up a book of Necromancy and begin reading...
   129 | D:1      | You add the spells Pain, Animate Skeleton and Vampiric
                  | Draining to your library.
   171 | D:1      | Reached XP level 2. HP: 27/27 MP: 1/1
   368 | D:1      | Reached skill level 4 in Shields
   491 | D:1      | Reached skill level 4 in Fighting
   493 | D:1      | You add the spells Sting, Poisonous Vapours and Olgreb's
                  | Toxic Radiance to your library.
   522 | D:1      | Reached skill level 4 in Armour
   625 | D:1      | Found a faded altar of an unknown god.
   642 | D:1      | Reached skill level 3 in Long Blades
   790 | D:2      | Reached XP level 3. HP: 33/33 MP: 2/2
   845 | D:2      | Found Zer Akokh's Armour Emporium.
  1129 | D:2      | Found an opulent altar of Gozag.
  1306 | D:2      | You add the spells Blink, Manifold Assault and Storm Form
                  | to your library.
  1366 | D:2      | Noticed Robin
  1462 | D:2      | Killed Robin
  1472 | D:3      | Reached XP level 4. HP: 21/40 MP: 3/3
  1930 | D:3      | Found Ohyugi's Distillery.
  2075 | D:3      | Identified the +10 whip "Xelen" {vamp, Dex+2}
  2163 | D:3      | You pick up a book of Minor Magic and begin reading...
  2163 | D:3      | You add the spells Magic Dart, Call Imp and Mephitic Cloud
                  | to your library.
  3127 | D:4      | Found a burning altar of Makhleb.
  3134 | D:4      | Became a worshipper of Makhleb the Destroyer
  3264 | D:4      | Noticed an ogre
  3270 | D:4      | Killed an ogre
  3271 | D:4      | Reached skill level 4 in Long Blades
  3271 | D:4      | Reached skill level 5 in Shields
  3271 | D:4      | Reached XP level 5. HP: 36/47 MP: 4/4
  3385 | D:4      | Reached skill level 5 in Fighting
  3387 | D:4      | Reached skill level 5 in Armour
  3410 | D:4      | Identified the ring of Hufik {rF+ Str+3 Dex+6}
  3497 | D:4      | Noticed an ogre
  3501 | D:4      | Reached XP level 6. HP: 53/56 MP: 5/5
  3502 | D:4      | Reached * piety under Makhleb
  3845 | D:4      | Found an ornate altar of the Wu Jian Council.
  3929 | D:4      | HP: 7/56 [gnoll/+0 halberd (10)]
  4209 | D:4      | Reached skill level 5 in Long Blades
  4210 | D:4      | HP: 14/56 [gnoll/+0 halberd (8)]
  4667 | D:5      | Entered Level 5 of the Dungeon
  4677 | D:5      | Noticed Eustachio
  4704 | D:5      | Reached XP level 7. HP: 38/61 MP: 6/6
  4719 | D:5      | Killed Eustachio
  4720 | D:5      | Reached skill level 6 in Shields
  4904 | D:5      | Reached skill level 6 in Fighting
  4945 | D:5      | Reached skill level 6 in Armour
  4951 | D:5      | Reached ** piety under Makhleb
  4999 | D:5      | Noticed Sigmund
  5021 | D:5      | Killed Sigmund
  5083 | D:5      | Reached skill level 6 in Long Blades
  5083 | D:5      | Reached XP level 8. HP: 44/71 MP: 7/7
  5343 | D:5      | Gained mutation: You are robust. (+10% HP) [potion of
                  | mutation]
  5343 | D:5      | Gained mutation: Your flesh is heat resistant. (rF+)
                  | [potion of mutation]
  5360 | D:5      | Reached skill level 7 in Shields
  5615 | D:5      | Found Ylanguil's Gadget Gallery.
  5623 | D:5      | You pick up a book of Spectacle and begin reading...
  5623 | D:5      | You add the spells Dazzling Flash, Iskenderun's Mystic
                  | Blast and Starburst to your library.
  5639 | D:5      | Reached skill level 7 in Fighting
  5639 | D:5      | Reached skill level 7 in Armour
  6021 | D:6      | Found a staircase to the Ecumenical Temple.
  6029 | Temple   | Entered the Ecumenical Temple
  6193 | D:6      | Reached skill level 7 in Long Blades
  6694 | D:6      | You pick up a book of Touch and begin reading...
  6694 | D:6      | You add the spells Static Discharge, Sticky Flame and
                  | Dispel Undead to your library.
  7156 | D:7      | Reached XP level 9. HP: 89/89 MP: 8/8
  7165 | D:7      | Reached skill level 8 in Shields
  7233 | D:7      | Reached skill level 8 in Fighting
  7238 | D:7      | Reached skill level 8 in Armour
  7247 | D:7      | HP: 20/82 [wight/+0 spear (3)]
  7829 | D:7      | Reached skill level 8 in Long Blades
  7840 | D:7      | Noticed Duvessa
  7840 | D:7      | Noticed Dowan
  7894 | D:7      | Killed Duvessa
  7903 | D:7      | Killed Dowan
  8007 | D:7      | Reached *** piety under Makhleb
  8053 | D:7      | Reached skill level 9 in Shields
  8162 | D:7      | Found a snail-covered altar of Cheibriados.
  8164 | D:7      | Found a stormy altar of Qazlal.
  8286 | D:7      | Reached skill level 9 in Fighting
  8325 | D:7      | Reached skill level 9 in Armour
  8386 | D:7      | Reached skill level 9 in Long Blades
  8479 | D:8      | Reached XP level 10. HP: 93/100 MP: 9/9
  8555 | D:8      | Found a hide-covered altar of Uskayaw.
  8996 | D:8      | Noticed a two-headed ogre
  9008 | D:8      | Killed a two-headed ogre
  9022 | D:8      | Reached skill level 10 in Fighting
  9022 | D:8      | Reached skill level 10 in Shields
  9317 | D:8      | Found a broken altar of Ashenzari.
  9319 | D:8      | Found a glowing golden altar of the Shining One.
  9346 | D:8      | Reached skill level 10 in Armour
  9406 | D:8      | Found a sparkling altar of Nemelex Xobeh.
  9569 | D:10     | Entered Level 10 of the Dungeon
  9707 | D:10     | Reached **** piety under Makhleb
  9749 | D:9      | Reached skill level 10 in Long Blades
 10045 | D:9      | Found a basalt altar of Yredelemnul.
 10085 | D:9      | Found a glowing silver altar of Zin.
 10405 | D:10     | Found a shadowy altar of Dithmenos.
 10511 | D:10     | Noticed a two-headed ogre
 10521 | D:10     | Killed a two-headed ogre
 10522 | D:10     | Reached XP level 11. HP: 89/111 MP: 10/10
 10602 | D:10     | Reached skill level 11 in Shields
 10636 | D:10     | Reached skill level 11 in Fighting
 10720 | D:10     | Reached skill level 11 in Armour
 10768 | D:10     | Noticed a two-headed ogre
 10772 | D:10     | Killed a two-headed ogre
 10836 | D:10     | Found a hazy altar of Hepliaklqana.
 10921 | D:10     | Found a staircase to the Lair.
 10929 | D:10     | You pick up a book of Pain and begin reading...
 10929 | D:10     | You add the spells Agony and Excruciating Wounds to your
                  | library.
 11442 | D:9      | HP: 25/112 [orc warrior/+2 hand axe of venom (4)]
 11448 | D:9      | HP: 28/112 [poisoned by an orc warrior]
 11449 | D:9      | magus.rc [v1.9.6]
 11453 | D:9      | HP: 22/112 [poisoned by an orc warrior]
 11847 | D:10     | Reached skill level 11 in Long Blades
 11868 | D:10     | Found a staircase to the Orcish Mines.
 11877 | Orc:1    | Entered Level 1 of the Orcish Mines
 11974 | Orc:1    | Reached ***** piety under Makhleb
 12342 | Orc:1    | Noticed an orc knight
 12368 | Orc:1    | HP: 18/112 [orc knight/+0 great sword (21)]
 12374 | Orc:2    | Entered Level 2 of the Orcish Mines
 12448 | Orc:2    | Noticed an orc sorcerer
 12748 | Orc:1    | HP: 24/112 [orc knight/+0 great sword (27)]
 12751 | Orc:1    | Killed an orc knight
 13049 | Orc:1    | Found Huhur's Jewellery Emporium.
 13731 | Orc:2    | Killed an orc sorcerer
 13823 | Orc:2    | Noticed an orc knight
 13858 | Orc:1    | Killed an orc knight
 14244 | Orc:1    | Bought the ring "Orghih" {rN+ Will+ rCorr Dex+6} for 1213
                  | gold pieces
 14382 | Orc:2    | Noticed Donald
 14554 | Orc:2    | Noticed a two-headed ogre
 14567 | Orc:2    | Killed a two-headed ogre
 14568 | Orc:2    | Reached skill level 12 in Fighting
 14568 | Orc:2    | Reached skill level 12 in Armour
 14568 | Orc:2    | Reached skill level 12 in Shields
 14625 | Orc:2    | HP: 28/171 [Donald/+0 war axe (33)]
 14630 | Orc:2    | HP: 6/114 [Donald/+0 war axe (14)]
 14631 | Orc:2    | Mangled by Donald

Vanquished Creatures
  4 two-headed ogres
  2 orc knights (Orc:1)
  An orc sorcerer (Orc:2)
  2 trolls
  3 wyverns
  Sigmund (D:5)
  7 yaks
  Eustachio (D:5)
  A warg (Orc:1)
  Duvessa (D:7)
  4 water moccasins
  3 sky beasts
  A black bear (D:6)
  A hornet zombie (D:7)
  23 orc warriors
  An ice beast (D:6)
  6 necrophages
  6 ogres
  6 centaurs
  A phantom (D:5)
  3 bullfrogs (D:7)
  3 kobold brigands
  2 scorpions (D:7)
  Dowan (D:7)
  10 killer bees
  15 wights
  An electric eel (D:7)
  2 hounds
  12 orc priests
  2 centaur skeletons (D:7)
  A jelly (D:8)
  A bullfrog skeleton (D:4)
  A centaur zombie (D:7)
  2 gnoll shamans
  An iguana (D:4)
  12 orc wizards
  A killer bee zombie (D:6)
  2 mummies (D:7)
  Robin (D:2)
  A howler monkey zombie (D:9)
  7 gnolls
  A howler monkey skeleton (D:6)
  6 adders
  2 shadow imps
  2 white imps
  2 ufetubi
  6 worms
  6 dart slugs
  67 orcs
  6 ball pythons
  11 endoplasms
  4 giant cockroaches
  9 hobgoblins
  5 jackals
  7 quokkas
  5 bats
  3 frilled lizards
  17 goblins
  15 kobolds
  8 rats
338 creatures vanquished.

Vanquished Creatures (others)
  2 withered plants (D:7)
2 creatures vanquished.

Grand Total: 340 creatures vanquished

Table legend:
 A = Non-vault XP
 B = Vault XP
 C = Vault XP percentage of total XP
 D = Non-vault monster count
 E = Vault monster count
 F = Vault count percentage of total count
                 A         B        C        D         E       F
            +---------+---------+-------+---------+---------+-------
      Total |   16092 |    3543 |  18.0 |     264 |      74 |  21.9
            +---------+---------+-------+---------+---------+-------
        D:1 |      39 |       0 |   0.0 |      22 |       0 |   0.0
        D:2 |      24 |      26 |  52.0 |      13 |       6 |  31.6
        D:3 |      73 |       9 |  11.0 |      23 |       5 |  17.9
        D:4 |     279 |     274 |  49.5 |      28 |      18 |  39.1
        D:5 |     731 |     409 |  35.9 |      18 |       2 |  10.0
        D:6 |     648 |       0 |   0.0 |      11 |       0 |   0.0
        D:7 |     970 |    1910 |  66.3 |      16 |      25 |  61.0
        D:8 |    2441 |       0 |   0.0 |      27 |       0 |   0.0
        D:9 |    1426 |     530 |  27.1 |      13 |       4 |  23.5
       D:10 |    4195 |     385 |   8.4 |      39 |      14 |  26.4
      Orc:1 |    3303 |       0 |   0.0 |      42 |       0 |   0.0
      Orc:2 |    1963 |       0 |   0.0 |      12 |       0 |   0.0
            +---------+---------+-------+---------+---------+-------

Illustrated notes

Table legend:
 A = Kills in this place as a percentage of kills in entire the game.
 B = Kills by you in this place as a percentage of kills by you in the entire game.
 C = Kills by friends in this place as a percentage of kills by friends in the entire game.
 D = Other kills in this place as a percentage of other kills in the entire game.
 E = Experience gained in this place as a percentage of experience gained in the entire game.
 F = Experience gained in this place divided by the number of levels of this place that you have seen.
                   A       B       C       D       E      F
               +-------+-------+-------+-------+-------+----------------------
         Total | 100.0 | 100.0 |   N/A |   N/A | 100.0 | 1510.4
       Dungeon |  84.0 |  84.0 |   N/A |   N/A |  73.2 | 1436.9
  Orcish Mines |  16.0 |  16.0 |   N/A |   N/A |  26.8 | 2633.0
               +-------+-------+-------+-------+-------+----------------------

Table legend: (Time is in decaauts)
 A = Elapsed time spent in this place.
 B = Non-inter-level travel time spent in this place.
 C = Inter-level travel time spent in this place.
 D = Time resting spent in this place.
 E = Time spent auto-exploring this place.
 F = Levels seen in this place.
 G = Mean time per level.
                   A        B        C        D        E       F      G
               +--------+--------+--------+--------+--------+-----+--------+
         Total |  14846 |  14592 |    254 |   3729 |   5595 |  13 | 1142.0 |
       Dungeon |  12410 |  12176 |    234 |   3121 |   4974 |  10 | 1241.0 |
        Temple |    152 |    152 |      0 |      0 |    107 |   1 |  152.0 |
  Orcish Mines |   2283 |   2264 |     19 |    608 |    514 |   2 | 1141.5 |
               +--------+--------+--------+--------+--------+-----+--------+

Top non-repeatable levels by time:
     D:3: 1634 daAuts
   Orc:1: 1596 daAuts
    D:10: 1536 daAuts
     D:7: 1451 daAuts
     D:4: 1429 daAuts
     D:9: 1326 daAuts
     D:6: 1177 daAuts
     D:8: 1122 daAuts
     D:5: 1066 daAuts
     D:2: 889 daAuts
     D:1: 775 daAuts
   Orc:2: 687 daAuts
  Temple: 152 daAuts
